 Dungeon Crawl Stone Soup version 0.19.0 (webtiles) character file.

140 Gingerlord the Skirmisher (level 5, -6/34 HPs)
             Began as a Gargoyle Fighter on Nov 2, 2016.
             Killed from afar by an orc wizard (10 damage)
             ... with a magic dart
             ... on level 4 of the Dungeon.
             The game lasted 00:03:18 (1752 turns).

Gingerlord the Skirmisher (Gargoyle Fighter)        Turns: 1752, Time: 00:03:18

Health: -6/34      AC: 12    Str: 19    XL:     5   Next: 23%
Magic:  5/5        EV:  7    Int:  9    God:
Gold:   76         SH:  0    Dex: 13    Spells: 0 memorised, 4 levels left

rFire  . . .     SeeInvis .     a - +0 flail
rCold  . . .     Gourm    .     b - +0 scale mail
rNeg   + . .     Faith    +     c - +0 shield
rPois  ∞         Spirit   .     (no helmet)
rElec  +         Reflect  .     t - +0 cloak
rCorr  .         Harm     .     (no gloves)
MR     .....                    (no boots)
Stlth  ..........               s - amulet of faith
                                (no ring)
                                w - +3 ring of dexterity

@: confused
A: negative energy resistance 1, electricity resistance, unbreathing,
petrification resistance, rot immunity, AC +4
a: no special abilities


You were on level 4 of the Dungeon.
You were very hungry.

You visited 1 branch of the dungeon, and saw 4 of its levels.

You collected 76 gold pieces.

Inventory:

Hand Weapons
 a - a +0 flail (weapon)
Armour
 b - a +0 scale mail (worn)
 c - a +0 shield (worn)
 t - a +0 cloak (worn)
Jewellery
 s - an amulet of faith (around neck)
 w - a +3 ring of dexterity (left hand)
Scrolls
 h - 2 scrolls of enchant armour {unknown}
 i - 2 scrolls of remove curse {unknown}
 l - a scroll of enchant weapon {unknown}
 n - a scroll of recharging {unknown}
 p - 2 scrolls of identify {unknown}
 r - a scroll of amnesia {unknown}
 u - a scroll of random uselessness {unknown}
Potions
 d - 2 potions of might
 e - a potion of brilliance {unknown}
 j - a potion of mutation {unknown}
 k - a potion of invisibility {unknown}
 m - a potion of curing {unknown}
 q - a potion of heal wounds
Comestibles
 f - 2 bread rations
 g - 2 meat rations
 o - a beef jerky


   Skills:
 + Level 4.3 Fighting
 + Level 3.1 Maces & Flails
 + Level 4.2 Armour
 + Level 4.1 Shields


You had 4 spell levels left.
You didn't know any spells.

Dungeon Overview and Level Annotations

Branches:
Dungeon (4/15)
 Temple: D:4-7

Altars:
Ashenzari
Kikubaaqudgha
Qazlal


Innate Abilities, Weirdness & Mutations

You are resistant to torment.
Your stone body is resilient. (AC +4)
You are immune to poison.
You resist negative energy. (rN+)
You are resistant to electric shocks. (rElec)
You can survive without breathing.
You are immune to petrification.
You are immune to rotting.


Message History

You bump into the rock wall.
You bump into the rock wall.
You hear some strange, mumbled words.
A magic dart appears from out of thin air!
The magic dart hits you!
* * * LOW HITPOINT WARNING * * *
The orc hits you but does no damage.
You sock the orc!
You kill the orc!
Something hits you but does no damage.
You closely miss something.
You hear some strange, mumbled words.
A puff of flame appears from out of thin air!
The puff of flame misses you.
Unknown command.
You bump into the rock wall.
You hear some strange, mumbled words.
A magic dart appears from out of thin air!
The magic dart hits you!
You die...

... #.. .#...
..... ...... #
#...### .#
#...{@# ..#
#..##w##...#
...#..##......#
#....[>.##....#
..#####<.......#
#[?......#
#.........
#.......#.
#.......#


You could see a worm.

Vanquished Creatures
  An orc priest (D:4)
  An orc wizard (D:4)
  3 adders
  3 dart slugs
  A leopard gecko (D:1)
  7 orcs
  2 giant cockroaches (D:1)
  6 goblins
  2 hobgoblins (D:3)
  2 quokkas
  A ball python (D:2)
  7 bats
  A frilled lizard (D:1)
  6 kobolds
43 creatures vanquished.

Notes
Turn   | Place    | Note
-------+----------+-------------------------------------------
     0 | D:1      | Gingerlord the Gargoyle Fighter began the quest for the Orb.
     0 | D:1      | Reached XP level 1. HP: 14/14 MP: 1/1
    97 | D:1      | Reached XP level 2. HP: 19/19 MP: 2/2
   201 | D:1      | Reached XP level 3. HP: 21/24 MP: 3/3
  1193 | D:2      | Found a faded altar of an unknown god.
  1193 | D:2      | Found an ancient bone altar of Kikubaaqudgha.
  1200 | D:2      | Found a shattered altar of Ashenzari.
  1202 | D:2      | Found a stormy altar of Qazlal.
  1203 | D:2      | Found a faded altar of an unknown god.
  1384 | D:3      | Reached XP level 4. HP: 26/29 MP: 4/4
  1698 | D:4      | Reached XP level 5. HP: 20/33 MP: 5/5
  1752 | D:4      | Killed from afar by an orc wizard

Skill      XL: |  1  2  3  4 |
---------------+-------------+-----
Fighting       | 4 |  4.3
Armour         | 4 |  4.2
Maces & Flails | 3 |  3.1
Shields        | 4 |  4.1

Action                   |  1- 3 |  4- 6 || total
-------------------------+-------+-------++-------
Melee: Flail             |   142 |    47 ||   189
  Use: Potion            |       |     1 ||     1
  Eat: Chunk             |     2 |       ||     2
Armor: Scale mail        |    87 |    32 ||   119
Dodge: Dodged            |    43 |    20 ||    63
Block: Shield            |    81 |    34 ||   115
